 Dungeon Crawl Stone Soup version 0.31-a0-743-g45f7035092 (webtiles) character file.

Game seed: 17391550736728000566

5188 cforsyth the Fighter (level 10, -6/83 HPs)
             Began as a Djinni Chaos Knight on Sept 12, 2023.
             Was an Initiate of Hepliaklqana.
             Killed from afar by an acid dragon (25 damage)
             ... with a splash of acid
             ... on level 10 of the Dungeon.
             The game lasted 00:17:39 (10081 turns).

cforsyth the Fighter (Djinni Chaos Knight)         Turns: 10081, Time: 00:17:40

Health: -6/83      AC:  7    Str: 10    XL:     10   Next: 90%
Gold:   568        EV: 12    Int: 17    God:    Hepliaklqana [......] SH:  0 Dex: 23

rFire   + + .        j - +5 hand axe "Zusejin" {flame, rElec rPois Str-4 Dex+8}
rCold   . . .        (no shield)
rNeg    . . .        b - +2 leather armour
rPois   ∞            l - +0 helmet
rElec   +            y - +0 cloak {Will+}
rCorr   .            (no gloves)
SInv    .            (boots unavailable)
Will    +++..        (no amulet)
Stlth   ++           v - ring of protection from cold
HPRegen 0.33/turn    (no ring)
MPRegen 0.00/turn

%: infuse magic (-7 HP)
@: freezing walls, flying
A: sickness immunity, fire resistance 2, cold vulnerability 1, float, innate
caster, HP casting, extra vitality 1, agile 1, strong-willed 1, strong 1, wild
magic 1, MP-powered wands
a: Renounce Religion


You were on level 10 of the Dungeon.
You worshipped Hepliaklqana.
Hepliaklqana was noncommittal.
You visited 2 branches of the dungeon, and saw 11 of its levels.

You collected 568 gold pieces.

Inventory:

Hand Weapons
 a - a +0 falchion of chaos
 g - a +3 dagger of venom
 j - the +5 hand axe "Zusejin" (weapon) {flame, rElec rPois Str-4 Dex+8}
   (You found it on level 5 of the Dungeon)

   Str-4:     It affects your strength (-4).
   Dex+8:     It affects your dexterity (+8).
   rElec:     It insulates you from electricity.
   rPois:     It protects you from poison
 k - a +6 spear of venom
Armour
 b - a +2 leather armour (worn)
 l - a +0 helmet (worn)
 p - a scarf of invisibility
 y - a +0 cloak of willpower (worn)
Jewellery
 v - a ring of protection from cold (left hand)
Wands
 x - a wand of mindburst (17)
 C - a wand of flame (28)
 D - a wand of charming (10)
Scrolls
 c - a scroll of butterflies
 d - 3 scrolls of teleportation
 e - 3 scrolls of blinking {unknown}
 h - a scroll of enchant armour {unknown}
 n - 4 scrolls of fog {unknown}
 t - a scroll of immolation {unknown}
 w - a scroll of fear {unknown}
 A - a scroll of summoning {unknown}
 F - a scroll of amnesia {unknown}
Potions
 f - 2 potions of lignification
 i - 4 potions of curing
 m - a potion of attraction {unknown}
 o - 4 potions of mutation
 q - 3 potions of invisibility
 r - 3 potions of heal wounds
 s - a potion of magic {unknown}
 u - 2 potions of resistance
 z - a potion of haste {unknown}
 B - a potion of berserk rage {unknown}
 E - a potion of degeneration {unknown}


   Skills:
 + Level 11.3 Fighting
 - Level 2.6 Long Blades
 - Level 1.0 Armour
 - Level 2.1 Dodging
 + Level 8.1 Spellcasting
 + Level 8.1 Conjurations
 + Level 8.1 Hexes
   Level 0.0 Charms
 + Level 8.1 Summonings
 + Level 8.1 Necromancy
 + Level 8.1 Translocations
 + Level 8.1 Transmutations
 + Level 8.1 Fire Magic
 + Level 8.1 Ice Magic
 + Level 8.1 Air Magic
 + Level 8.1 Earth Magic
 + Level 8.1 Poison Magic


You knew the following spells:

 Your Spells              Type           Power      Damage    Failure   Level
a - Foxfire               Conj/Fire      100%       2x1d9     1%          1
b - Searing Ray           Conj           88%        2d7       1%          2
c - Frozen Ramparts       Ice            88%        1d14      3%          3
d - Leda's Liquefaction   Hex/Erth       22%        N/A       8%          4
Your spell library was empty.

Dungeon Overview and Level Annotations

Branches:
Dungeon (10/15)            Temple (1/1) D:5
   Lair: D:8-11         Orc: D:9-12

Altars:
Ashenzari
Dithmenos
Elyvilon
Fedhas
Gozag
Hepliaklqana
Makhleb
Nemelex Xobeh
Okawaru
Qazlal
Ru
Trog
Uskayaw
Wu Jian
Xom
Yredelemnul
Zin
The Shining One

Shops:
D:3 **


Innate Abilities, Weirdness & Mutations

You are immune to sickness and miasma.
You are immune to poison.
Your flesh is very heat resistant. (rF++)
You are vulnerable to cold. (rC-)
You float through the air rather than walking.
You learn spells naturally, not from books.
Your magical power is your life essence.
You have superior vitality. (+4 MHP)
You are agile. (Dex +4, Str/Int -1)
You are strong-willed. (Will+)
Your muscles are strong. (Str +4, Int/Dex -1)
Your spells are a little harder to cast, but a little more powerful.
You expend health (3 HP) to strengthen your wands.


Message History

The walls around you are covered in ice.
* * * LOW HITPOINT WARNING * * *
The wall freezes the yak.
You kill the yak!
You start resting.
The frozen ramparts melt away.
You start resting.
You start resting. "Fight to survive, mortal."
There are monsters nearby!
Unknown command.
Unknown command.
Okay, then.
Unknown command.
The yak bellows! x3
There is an open door, spattered with blood here.
The wyvern attacks as it pursues you! The wyvern barely misses you.
You see here a yak corpse.
As you read the scroll of teleportation, it crumbles to dust.
You feel strangely unstable. The wyvern bites you!
The wyvern barely misses you. The wyvern bites you.
Your surroundings suddenly seem different.
An acid dragon comes into view.
The acid dragon roars!
The acid dragon bites you! The acid dragon claws you.
Casting: Frozen Ramparts (mildly dangerous; 3% risk of failure)
Confirm with . or Enter, or press ? or * to list all spells.
Casting: Frozen Ramparts (mildly dangerous; 3% risk of failure)
Press: ? - help, Dir - look around, f - activate The walls around you are covered in ice.
The wall freezes the acid dragon!
The acid dragon bites you!
* * * LOW HITPOINT WARNING * * *
The acid dragon claws you but does no damage.
You barely miss the acid dragon.
The acid dragon is moderately wounded.
The wall freezes the acid dragon!
The acid dragon spits acid at you. The splash of acid hits you!!
You die...

############
#...@D......
#...........
#...........
#...........
#...........
############


You could see an acid dragon (catching breath).

Vanquished Creatures
  Maggie (D:8)
  A troll (D:10)
  A raiju (shapeshifter) (D:6)
  A wraith (D:10)
  6 yaks
  A steam dragon (D:9)
  A water moccasin (D:8)
  An orc warrior (D:9)
  A sky beast (D:6)
  2 black bears
  The ghost of Cadnt the Grasshopper, an amateur NaWr (D:4)
  3 ice beasts
  3 ogres
  A centaur (D:9)
  4 phantoms
  A bullfrog (D:7)
  4 kobold brigands
  3 scorpions
  Dowan (D:7)
  9 killer bees (D:9)
  4 howler monkeys
  7 orc priests
  A hound (D:4)
  Crazy Yiuf (D:7)
  2 jellies (D:6)
  2 iguanas
  Jessica (D:2)
  6 orc wizards
  2 human simulacra (D:9)
  Robin (D:2)
  A gnoll (D:1)
  5 adders
  A shadow imp (D:6)
  An ufetubus (D:5)
  2 worms (D:5)
  5 dart slugs
  21 orcs
  9 endoplasms
  2 giant cockroaches
  17 goblins
  10 hobgoblins
  3 quokkas
  5 ball pythons
  10 bats
  4 frilled lizards
  22 kobolds
  4 rats
195 creatures vanquished.

Vanquished Creatures (collateral kills)
  A scorpion (D:6)
  A hound (D:6)
2 creatures vanquished.

Vanquished Creatures (others)
  A steam dragon (D:9)
  146 foxfires
147 creatures vanquished.

Grand Total: 344 creatures vanquished

Notes
Turn   | Place    | Note
-------+----------+-------------------------------------------
     0 | D:1      | cforsyth the Djinni Chaos Knight began the quest for the
                  | Orb.
     0 | D:1      | Reached XP level 1. HP: 20/20 MP: 0/0
    49 | D:1      | Reached XP level 2. HP: 18/25 MP: 0/0
   131 | D:1      | Reached skill level 1 in Spellcasting
   131 | D:1      | Reached skill level 1 in Conjurations
   131 | D:1      | Reached skill level 1 in Hexes
   131 | D:1      | Reached skill level 1 in Summonings
   131 | D:1      | Reached skill level 1 in Necromancy
   131 | D:1      | Reached skill level 1 in Translocations
   131 | D:1      | Reached skill level 1 in Transmutations
   131 | D:1      | Reached skill level 1 in Fire Magic
   131 | D:1      | Reached skill level 1 in Ice Magic
   131 | D:1      | Reached skill level 1 in Air Magic
   131 | D:1      | Reached skill level 1 in Earth Magic
   131 | D:1      | Reached skill level 1 in Poison Magic
   204 | D:1      | Reached XP level 3. HP: 24/30 MP: 0/0
   204 | D:1      | Learned a level 1 spell: Foxfire
   513 | D:1      | XOM: cloud trail
   615 | D:1      | XOM: silly message
   821 | D:2      | Noticed Robin
   822 | D:2      | XOM: potion effect (berserk rage)
   829 | D:2      | XOM: silly message
   834 | D:2      | Reached XP level 4. HP: 37/37 MP: 0/0
   846 | D:2      | Killed Robin
   847 | D:2      | Reached skill level 4 in Fighting
   921 | D:2      | XOM: silly message
   944 | D:2      | Noticed Jessica
   949 | D:2      | Killed Jessica
   950 | D:2      | Reached XP level 5. HP: 41/41 MP: 0/0
   950 | D:2      | Learned a level 2 spell: Searing Ray
  1580 | D:3      | Found Keoss's General Store.
  1613 | D:3      | Found Zin's Purification Station.
  1616 | D:3      | Found a glowing silver altar of Zin.
  1968 | D:3      | XOM: enchant monster (bad)
  1973 | D:3      | Reached XP level 6. HP: 31/49 MP: 0/0
  2110 | D:4      | Reached skill level 5 in Fighting
  2158 | D:4      | Noticed a black bear
  2164 | D:4      | Killed a black bear
  2223 | D:4      | Reached XP level 7. HP: 53/55 MP: 0/0
  2223 | D:4      | Learned a level 3 spell: Frozen Ramparts
  2405 | D:4      | Found a transporter.
  2408 | D:4      | Found a transporter.
  2409 | D:4      | Noticed Cadnt's ghost (amateur NaWr)
  2441 | D:4      | XOM: 5-stop teleportation journey
  2475 | D:4      | Reached skill level 6 in Fighting
  2817 | D:4      | XOM: divination: detect items
  2818 | D:4      | XOM: butterfly on damage
  2928 | D:5      | Entered Level 5 of the Dungeon
  2931 | D:5      | Found a white marble altar of Elyvilon.
  3009 | D:5      | XOM: 6-stop teleportation journey
  3021 | D:5      | XOM: potion effect (curing)
  3030 | D:5      | Reached XP level 8. HP: 57/62 MP: 0/0
  3065 | D:5      | Identified the +5 hand axe "Zusejin" {flame, rElec rPois
                  | Str-4 Dex+8}
  3183 | D:5      | XOM: cloud trail
  3303 | D:5      | XOM: god gift: lajatang {god gift}
  3371 | D:5      | Found a staircase to the Ecumenical Temple.
  3384 | Temple   | Entered the Ecumenical Temple
  3589 | D:5      | Reached skill level 7 in Fighting
  3930 | D:5      | XOM: give mutations
  3930 | D:5      | Gained mutation: You possess an exceptional clarity of
                  | mind. [Xom's grace]
  3930 | D:5      | Gained mutation: Your muscles are strong. (Str +4, Int/Dex
                  | -1) [Xom's grace]
  3932 | D:5      | Found a hide-covered altar of Uskayaw.
  4016 | D:5      | Found a sparkling altar of Nemelex Xobeh.
  4018 | D:5      | Found a hazy altar of Hepliaklqana.
  4018 | D:5      | Found a blossoming altar of Fedhas.
  4020 | D:5      | Found a shadowy altar of Dithmenos.
  4020 | D:5      | Found a shimmering altar of Xom.
  4020 | D:5      | Found a broken altar of Ashenzari.
  4129 | D:6      | XOM: confuse monster(s)
  4144 | D:6      | Reached skill level 5 in Spellcasting
  4144 | D:6      | Reached skill level 5 in Conjurations
  4144 | D:6      | Reached skill level 5 in Hexes
  4144 | D:6      | Reached skill level 5 in Summonings
  4144 | D:6      | Reached skill level 5 in Necromancy
  4144 | D:6      | Reached skill level 5 in Translocations
  4144 | D:6      | Reached skill level 5 in Transmutations
  4144 | D:6      | Reached skill level 5 in Fire Magic
  4144 | D:6      | Reached skill level 5 in Ice Magic
  4144 | D:6      | Reached skill level 5 in Air Magic
  4144 | D:6      | Reached skill level 5 in Earth Magic
  4144 | D:6      | Reached skill level 5 in Poison Magic
  4147 | D:6      | XOM: enchant monster (good)
  4387 | D:6      | Found a broken altar of Ashenzari.
  4462 | D:6      | XOM: summons 2 friendly demons
  4466 | D:6      | Reached skill level 8 in Fighting
  4466 | D:6      | Reached XP level 9. HP: 69/70 MP: 0/0
  4466 | D:6      | Learned a level 4 spell: Leda's Liquefaction
  4475 | D:6      | XOM: polymorph quasit -> crimson imp
  4532 | D:6      | Found a sacrificial altar of Ru.
  4564 | D:6      | XOM: 1-stop teleportation journey
  4577 | D:6      | XOM: 5-stop teleportation journey
  4598 | D:6      | XOM: cloud trail
  4668 | D:6      | XOM: confuse monster(s)
  4799 | D:7      | XOM: potion effect (curing)
  4864 | D:7      | XOM: give mutations
  4864 | D:7      | Gained mutation: You are strong-willed. (Will+) [Xom's
                  | grace]
  4864 | D:7      | Gained mutation: You expend health (3 HP) to strengthen
                  | your wands. [Xom's grace]
  4864 | D:7      | Gained mutation: You are robust. (+10% HP) [Xom's grace]
  4864 | D:7      | Gained mutation: You are agile. (Dex +4, Str/Int -1) [Xom's
                  | grace]
  4905 | D:7      | XOM: cloud trail
  5148 | D:7      | Found a stormy altar of Qazlal.
  5602 | D:7      | XOM: give mutations
  5602 | D:7      | Lost mutation: You are agile. (Dex +4, Str/Int -1) [Xom's
                  | mischief]
  5602 | D:7      | Lost mutation: You possess an exceptional clarity of mind.
                  | [Xom's mischief]
  5613 | D:7      | Noticed Duvessa
  5613 | D:7      | Noticed Dowan
  5624 | D:7      | Duvessa changed into Duvessa the shapeshifter
  5624 | D:7      | XOM: polymorph Duvessa -> Duvessa the shapeshifter
  5624 | D:7      | Duvessa the shapeshifter changed into Duvessa the raiju
  5624 | D:7      | Noticed Duvessa (shapeshifter)
  5652 | D:6      | XOM: blink monster(s)
  5659 | D:6      | Killed Duvessa the raiju
  5660 | D:6      | Reached skill level 9 in Fighting
  5868 | D:7      | Killed Dowan
  6164 | D:7      | XOM: 4-stop teleportation journey
  6414 | D:7      | Found a runed translucent door.
  6415 | D:7      | Noticed Crazy Yiuf
  6421 | D:7      | Killed Crazy Yiuf
  6821 | D:4      | Killed Cadnt's ghost
  7610 | D:8      | Reached XP level 10. HP: 65/86 MP: 0/0
  7613 | D:8      | Reached skill level 10 in Fighting
  7782 | D:8      | XOM: give mutations
  7782 | D:8      | Gained mutation: You are agile. (Dex +4, Str/Int -1) [Xom's
                  | mischief]
  7782 | D:8      | Gained mutation: Your spells are a little harder to cast,
                  | but a little more powerful. [Xom's mischief]
  7782 | D:8      | Lost mutation: You are robust. (+10% HP) [Xom's mischief]
  7792 | D:8      | Noticed Maggie
  7805 | D:8      | Killed Maggie
  8044 | D:8      | XOM: 3-stop teleportation journey
  8065 | D:8      | XOM is BORED!
  8669 | D:9      | XOM: noise
  8707 | D:9      | XOM: summons 4 hostile shadow creatures
  8736 | D:9      | XOM: 3-stop teleportation journey
  8784 | D:9      | Found a glowing golden altar of the Shining One.
  8786 | D:9      | XOM: 1-stop teleportation journey
  8818 | D:9      | XOM: silly message
  9049 | D:9      | Found a shadowy altar of Dithmenos.
  9201 | D:9      | Found a bloodstained altar of Trog.
  9205 | D:9      | Found a hazy altar of Hepliaklqana.
  9211 | D:9      | Fell from the grace of Xom
  9211 | D:9      | Became a worshipper of Hepliaklqana the Forgotten
  9495 | D:9      | Found an ornate altar of the Wu Jian Council.
  9620 | D:10     | Entered Level 10 of the Dungeon
  9678 | D:10     | Reached skill level 11 in Fighting
 10069 | D:10     | XOM: summons 4 hostile shadow creatures
 10070 | D:10     | Noticed a two-headed ogre
 10081 | D:10     | Killed from afar by an acid dragon

Illustrated notes

Levels and vault maps discovered:
D:1:      dpeg_arrival_tiny_c, layout_loops_cross
D:2:      layout_basic, uniq_jessica, uniq_robin
D:3:      layout_basic, zin_purify, serial_shops, shop_coins,
          chequers_serial_rivers_micro_b, minmay_misc_feat_nine_boxes
D:4:      layout_loops_ring, gammafunk_ghost_arena
D:5:      layout_loops_corners, doesnt_xom_only_xom,
          mainiacjoe_overflow_alcove_2, elyvilon_altar_4,
          minmay_temple_entry_glass
D:6:      layout_basic, evilmike_ruin_ashenzari,
          mainiacjoe_overflow_cross_hatched
D:7:      layout_layer_cave, mainiacjoe_overflow_alcove_4, dk_rats_in_the_wall,
          uniq_crazy_yiuf_cottage, uniq_duvessa
D:8:      layout_basic, uniq_maggie
D:9:      layout_irregular_city, grunt_dithmenos_smoke, minitemple,
          grunt_temple_overflow_open, bh_circular_ruins
D:10:     cheibrodos_ideogram_h, layout_grid_maze,
          mainiacjoe_overflow_concentric_impassable, dpeg_oklobed_lair,
          nicolae_specific_store, nicolae_shop_gadgets
Temple:   pf_temple_reverse_labyrinth

Skill      XL: |  1  2  3  4  5  6  7  8  9 10 |
---------------+-------------------------------+-----
Spellcasting   | 1 2 3 4 5 6 8 |  8.1
Conjurations   | 1 2 3 4 5 6 8 |  8.1
Hexes          | 1 2 3 4 5 6 8 |  8.1
Summonings     | 1 2 3 4 5 6 8 |  8.1
Necromancy     | 1 2 3 4 5 6 8 |  8.1
Translocations | 1 2 3 4 5 6 8 |  8.1
Transmutations | 1 2 3 4 5 6 8 |  8.1
Fire Magic     | 1 2 3 4 5 6 8 |  8.1
Ice Magic      | 1 2 3 4 5 6 8 |  8.1
Air Magic      | 1 2 3 4 5 6 8 |  8.1
Earth Magic    | 1 2 3 4 5 6 8 |  8.1
Poison Magic   | 1 2 3 4 5 6 8 |  8.1
Fighting       | 4 5 6 8 9 11 | 11.3
Long Blades    | |  2.6
Armour         | |  1.0
Dodging        | |  2.1

Action                     |  1- 3 |  4- 6 |  7- 9 | 10-12 || total
---------------------------+-------+-------+-------+-------++-------
  Melee: Falchion          |    17 |       |       |       ||    17
         Dagger            |    42 |    19 |       |       ||    61
         Punch             |     1 |     2 |     4 |     1 ||     8
         Spear             |       |    96 |    69 |       ||   165
         Hand axe          |       |       |   122 |    38 ||   160
   Cast: Foxfire           |       |     4 |    18 |    69 ||    91
         Frozen Ramparts   |       |       |    19 |    12 ||    31
         Searing Ray       |       |       |     3 |     7 ||    10
         Leda's Liquefacti |       |       |     1 |       ||     1
    Use: Scroll            |       |       |     7 |     2 ||     9
   Stab: Sleeping          |       |     2 |     1 |       ||     3
         Distracted        |       |       |     1 |       ||     1
 Armour: Leather armour    |    39 |    57 |   142 |    71 ||   309
  Dodge: Dodged            |    35 |    54 |   126 |    68 ||   283

Table legend: (Time is in decaauts)
 A = Elapsed time spent in this place.
 B = Non-inter-level travel time spent in this place.
 C = Inter-level travel time spent in this place.
 D = Time resting spent in this place.
 E = Time spent auto-exploring this place.
 F = Levels seen in this place.
 G = Mean time per level.
                   A        B        C        D        E       F      G
               +--------+--------+--------+--------+--------+-----+--------+
         Total |  10170 |   9421 |    749 |   1188 |   6734 |  11 |  924.5 |
       Dungeon |  10046 |   9418 |    628 |   1188 |   6734 |  10 | 1004.6 |
        Temple |    124 |      3 |    121 |      0 |      0 |   1 |  124.0 |
               +--------+--------+--------+--------+--------+-----+--------+

Top non-repeatable levels by time:
     D:7: 1803 daAuts
     D:8: 1418 daAuts
     D:5: 1267 daAuts
     D:9: 1078 daAuts
     D:4: 935 daAuts
     D:6: 871 daAuts
     D:1: 822 daAuts
     D:3: 745 daAuts
     D:2: 631 daAuts
    D:10: 472 daAuts
  Temple: 124 daAuts
